 Dungeon Crawl Stone Soup version 0.19.5 (webtiles) character file.

494 HeyBub the Slasher (level 6, -2/51 HPs)
             Began as a Minotaur Monk on Apr 21, 2017.
             Was a Believer of Trog.
             Killed by divine providence
             ... invoked by an orc priest
              (14 damage)
             ... on level 5 of the Dungeon.
             The game lasted 00:03:22 (2991 turns).

HeyBub the Slasher (Minotaur Monk)                  Turns: 2991, Time: 00:03:22

Health: -2/51      AC:  6    Str: 18    XL:     6   Next: 92%
Magic:  5/5        EV: 13    Int:  7    God:    Trog [**....]
Gold:   189        SH:  0    Dex: 15    Spells: 0 memorised, 5 levels left

rFire  + . .     SeeInvis .     a - +1 falchion
rCold  . . .     Gourm    .     o - +0 scale mail {rF+}
rNeg   . . .     Faith    .     (no shield)
rPois  .         Spirit   .     (helmet restricted)
rElec  .         Reflect  .     (no cloak)
rCorr  .         Harm     .     (no gloves)
MR     .....                    (no boots)
Stlth  +.........               (no amulet)
                                (no ring)
                                i - +3 ring of dexterity

@: no status effects
A: retaliatory headbutt, horns 2
a: Berserk, Trog's Hand, Burn Spellbooks, Renounce Religion


You were on level 5 of the Dungeon.
You worshipped Trog.
Trog was pleased with you.
You were not hungry.

You visited 1 branch of the dungeon, and saw 5 of its levels.

You collected 189 gold pieces.

Inventory:

Hand Weapons
 a - a +1 falchion (weapon)
Armour
 b - a +0 robe
 o - a +0 scale mail of fire resistance (worn)
Jewellery
 i - a +3 ring of dexterity (left hand)
 t - an uncursed ring of poison resistance {unknown}
Wands
 m - a wand of iceblast (9/15)
Scrolls
 d - 4 scrolls of remove curse
 q - a scroll of teleportation {unknown}
 s - a scroll of torment {unknown}
Potions
 e - 2 potions of heal wounds {unknown}
 g - 3 potions of flight {unknown}
 h - a potion of brilliance {unknown}
 k - 2 potions of curing {unknown}
 l - a potion of invisibility {unknown}
 n - a potion of lignification {unknown}
 p - a potion of magic {unknown}
 r - 2 potions of degeneration {unknown}
 v - a potion of haste {unknown}
Comestibles
 c - 6 bread rations
 j - 4 meat rations


   Skills:
 - Level 3.6 Fighting
 - Level 7.0 Long Blades
 + Level 6.6 Dodging
 - Level 1.5 Stealth


You had 5 spell levels left.
You didn't know any spells.

Dungeon Overview and Level Annotations

Branches:
Dungeon (5/15)
 Temple: D:4-7

Altars:
Ashenzari
Trog


Innate Abilities, Weirdness & Mutations

You reflexively headbutt those who attack you in melee.
You have a pair of horns on your head.


Message History

You completely miss the orc wizard.
The orc wizard is heavily wounded.
The orc wizard points at you and mumbles some strange words.
The magic dart hits you! The orc hits you with a war axe.
Unknown command.
You miss the orc wizard.
The orc wizard is heavily wounded.
The orc wizard barely misses you. The orc hits you but does no damage.
The orc wizard hits you but does no damage.
You closely miss the orc wizard. You headbutt the orc wizard.
The orc wizard is almost dead.
The orc wizard hits you with a dagger.
* * * LOW HITPOINT WARNING * * *
You are too injured to fight recklessly!
Unknown command.
The orc wizard hits you with a dagger.
* * * LOW HITPOINT WARNING * * *
The orc priest invokes the aid of Beogh against you.
Beogh smites you!
You die...

##...####...##
##.........#
#######...#
#..## #.## ###
#.# ####...#.
##.###........
##...##)#......
#.....@o.o.....
##...##o##.....
##.###.# ##.
#.# #.# #.# #..
#.. ### ##


You could see an orc priest, an orc wizard and an orc.

Vanquished Creatures
  2 ogres
  A bullfrog (D:3)
  3 orc wizards (D:5)
  2 worker ants (D:4)
  3 adders
  A worm (D:2)
  3 dart slugs
  6 leopard geckos
  10 orcs
  6 bats
  3 giant cockroaches
  8 goblins
  9 hobgoblins
  6 jackals
  3 ball pythons
  2 frilled lizards
  8 kobolds
  A leopard gecko zombie (D:5)
  4 rats
81 creatures vanquished.

Notes
Turn   | Place    | Note
-------+----------+-------------------------------------------
     0 | D:1      | HeyBub the Minotaur Monk began the quest for the Orb.
     0 | D:1      | Reached XP level 1. HP: 19/19 MP: 0/0
   236 | D:1      | Reached skill level 4 in Long Blades
   328 | D:1      | Reached XP level 2. HP: 26/26 MP: 1/1
   795 | D:1      | Reached skill level 5 in Long Blades
   935 | D:2      | Reached XP level 3. HP: 31/31 MP: 2/2
  1510 | D:3      | Reached XP level 4. HP: 36/39 MP: 3/3
  1512 | D:3      | Reached skill level 6 in Long Blades
  1620 | D:3      | Noticed a bullfrog
  1628 | D:3      | Killed a bullfrog
  1628 | D:3      | Reached skill level 7 in Long Blades
  1628 | D:3      | Reached XP level 5. HP: 31/45 MP: 4/4
  1633 | D:3      | Noticed an ogre
  1642 | D:3      | Killed an ogre
  2430 | D:3      | Found a bloodstained altar of Trog.
  2441 | D:3      | Became a worshipper of Trog the Wrathful
  2441 | D:3      | Reached * piety under Trog
  2441 | D:3      | Reached ** piety under Trog
  2570 | D:4      | Reached skill level 5 in Dodging
  2570 | D:4      | Reached XP level 6. HP: 45/51 MP: 5/5
  2784 | D:5      | Entered Level 5 of the Dungeon
  2799 | D:5      | Found a shattered altar of Ashenzari.
  2991 | D:5      | Killed from afar by an orc priest

Skill      XL: |  1  2  3  4  5  6 |
---------------+-------------------+-----
Long Blades    | 4 5 7 |  7.0
Dodging        | 5 6 |  6.6
Fighting       | |  3.6
Stealth        | |  1.5

Action                   |  1- 3 |  4- 6 || total
-------------------------+-------+-------++-------
Melee: Falchion          |    73 |   111 ||   184
       Headbutt          |    15 |    26 ||    41
  Use: Scroll            |     4 |     3 ||     7
 Stab: Sleeping          |     5 |       ||     5
  Eat: Fruit             |       |     3 ||     3
       Beef jerky        |       |     2 ||     2
       Royal jelly       |       |     1 ||     1
Armor: Robe              |    11 |       ||    11
       Scale mail        |     3 |    33 ||    36
Dodge: Dodged            |    44 |    71 ||   115
       Rpst.: Falchion   |    10 |    12 ||    22
